 Dungeon Crawl Stone Soup version 0.25-a0-1119-g28b6fd0c3b (webtiles) character file.

Game seed: 5679355946225310504, levelgen mode: deterministic

666 Mrkan the Shield-Bearer (level 7, -6/60 HPs)
             Began as a Gnoll Fighter on May 17, 2020.
             Was an Initiate of Gozag.
             Mangled by a scorpion (7 damage)
             ... on level 5 of the Dungeon.
             The game lasted 00:05:40 (4036 turns).

Mrkan the Shield-Bearer (Gnoll Fighter)             Turns: 4036, Time: 00:05:40

Health: -6/60      AC: 10    Str: 19 (20) XL:     7   Next: 57%
Magic:  10/10      EV:  9    Int:  7 (10) God:    Gozag
Gold:   435        SH: 10    Dex: 12 (15) Spells: 11/11 levels left

rFire    . . .     SeeInvis .   a - +0 war axe
rCold    . . .     Gourm    .   c - +0 kite shield
rNeg     . . .     Faith    .   b - +0 scale mail
rPois    .         Spirit   .   m - +1 helmet
rElec    .         Reflect  .   (no cloak)
rCorr    .         Harm     .   (no gloves)
MR       .....                  (no boots)
Stlth    +.........             (no amulet)
HPRegen  0.20/turn              (no ring)
MPRegen  0.12/turn              (no ring)

@: lethally poisoned (-6 -> -12), gold aura, starving
A: distributed training, fangs 1, strong nose
a: Potion Petition, Call Merchant, Bribe Branch, Renounce Religion


You were on level 5 of the Dungeon.
You worshipped Gozag.
Gozag was aware of your devotion.
You were starving.

You visited 1 branch of the dungeon, and saw 5 of its levels.

You collected 449 gold pieces.
You paid 14 gold pieces to Gozag.

Inventory:

Hand Weapons
 a - a +0 war axe (weapon)
 g - a +0 hunting sling
Missiles
 q - 33 stones (quivered)
Armour
 b - a +0 scale mail (worn)
 c - a +0 kite shield (worn)
 m - a +1 helmet (worn)
Jewellery
 u - an uncursed amulet of the acrobat {unknown}
 v - an uncursed amulet of magic regeneration {unknown}
Wands
 f - a wand of paralysis (6)
Scrolls
 h - 5 scrolls of identify {unknown}
 i - 2 scrolls of teleportation {unknown}
 j - a scroll of enchant armour {unknown}
 k - 3 scrolls of remove curse {unknown}
 r - a scroll of immolation {unknown}
 t - a scroll of fear {unknown}
 w - a scroll of amnesia {unknown}
Potions
 d - a potion of might
 e - 2 potions of degeneration
 l - a potion of brilliance {unknown}
 n - 3 potions of heal wounds {unknown}
 o - a potion of stabbing {unknown}
 p - 2 potions of invisibility {unknown}
 s - a potion of haste {unknown}


   Skills:
 + Level 7.0 Fighting
 + Level 2.5 Short Blades
 + Level 2.5 Long Blades
 + Level 5.2 Axes
 + Level 2.5 Maces & Flails
 + Level 2.5 Polearms
 + Level 2.5 Staves
 + Level 2.5 Slings
 + Level 2.5 Bows
 + Level 2.5 Crossbows
 + Level 2.5 Throwing
 + Level 7.0 Armour
 + Level 2.5 Dodging
 + Level 2.5 Stealth
 + Level 7.0 Shields
 + Level 2.5 Unarmed Combat
 + Level 2.5 Spellcasting
 + Level 2.0 Conjurations
 + Level 2.0 Hexes
 + Level 2.0 Charms
 + Level 2.0 Summonings
 + Level 2.0 Necromancy
 + Level 2.0 Translocations
 + Level 2.0 Transmutations
 + Level 2.0 Fire Magic
 + Level 2.0 Ice Magic
 + Level 2.0 Air Magic
 + Level 2.0 Earth Magic
 + Level 2.0 Poison Magic
 + Level 2.8 Invocations
 + Level 2.5 Evocations


You had 11 spell levels left.
You didn't know any spells.
Your spell library was empty.

Dungeon Overview and Level Annotations

Branches:
Dungeon (5/15)
 Temple: D:4-7

Altars:
Ashenzari
Cheibriados
Dithmenos
Gozag
Hepliaklqana
Ru
Uskayaw
The Shining One

Annotations:
D:5 4 runed translucent doors


Innate Abilities, Weirdness & Mutations

Your experience applies equally to all skills.
You have very sharp teeth.
Your uncanny sense of smell can sniff out nearby items.


Message History

You see here 6 gold pieces.
Unknown command.
* * * LOW HITPOINT WARNING * * *
You feel sick.
* * * LOW HITPOINT WARNING * * *
You feel sick.
Found a potion of degeneration.
* * * LOW HITPOINT WARNING * * *
You feel sick.
* * * LOW HITPOINT WARNING * * *
You feel sick.
* * * LOW HITPOINT WARNING * * *
You feel sick.
You see here a potion of degeneration.
You slash the scorpion!
The scorpion is heavily wounded.
* * * LOW HITPOINT WARNING * * *
You feel sick. The scorpion stings you!
You die...
Your body crumbles into a pile of gold.

. ..#. +##...# ##
#.##...#### .#
##..###....###.# #
#...$.####@sc..# .
.+$%#y.y...+)####..#
###+### .yy####c$...#
#.....##.y###(.Z.#...#
##..S?.#.##.(..#######
.#..SS.+##..####
.##SaSa##..##
..######(.##
....c.....#


You could see a centaur and a scorpion.

Vanquished Creatures
  A water moccasin (D:5)
  2 ogres (D:4)
  A scorpion (D:4)
  A howler monkey (D:4)
  A hound (D:4)
  2 orc priests
  Natasha (twice) (D:2)
  An orc wizard (D:4)
  5 adders
  An ooze (D:3)
  3 worms
  3 dart slugs (D:1)
  2 leopard geckos
  6 orcs
  8 giant cockroaches
  6 goblins
  3 hobgoblins
  7 jackals
  11 kobolds
  3 quokkas
  2 ball pythons (D:4)
  3 bats
  5 frilled lizards
  7 rats
86 creatures vanquished.

Vanquished Creatures (others)
  A worker ant zombie (D:5)
1 creature vanquished.

Grand Total: 87 creatures vanquished

Notes
Turn   | Place    | Note
-------+----------+-------------------------------------------
     0 | D:1      | Mrkan the Gnoll Fighter began the quest for the Orb.
     0 | D:1      | Reached XP level 1. HP: 23/23 MP: 1/1
   111 | D:1      | Reached XP level 2. HP: 29/29 MP: 2/2
   433 | D:1      | Reached XP level 3. HP: 35/35 MP: 3/3
   526 | D:2      | Noticed Natasha
   532 | D:2      | Killed Natasha
   532 | D:2      | Reached skill level 1 in Invocations
   621 | D:2      | Reached skill level 1 in Short Blades
   621 | D:2      | Reached skill level 1 in Long Blades
   621 | D:2      | Reached skill level 1 in Maces & Flails
   621 | D:2      | Reached skill level 1 in Polearms
   621 | D:2      | Reached skill level 1 in Staves
   621 | D:2      | Reached skill level 1 in Slings
   621 | D:2      | Reached skill level 1 in Bows
   621 | D:2      | Reached skill level 1 in Crossbows
   621 | D:2      | Reached skill level 1 in Throwing
   621 | D:2      | Reached skill level 1 in Dodging
   621 | D:2      | Reached skill level 1 in Stealth
   621 | D:2      | Reached skill level 1 in Unarmed Combat
   621 | D:2      | Reached skill level 1 in Spellcasting
   621 | D:2      | Reached skill level 1 in Evocations
   621 | D:2      | Reached XP level 4. HP: 41/41 MP: 5/5
   751 | D:2      | Noticed Natasha
   824 | D:2      | Found a snail-covered altar of Cheibriados.
   824 | D:2      | Found a hazy altar of Hepliaklqana.
   825 | D:2      | Found an opulent altar of Gozag.
   962 | D:2      | Became a worshipper of Gozag Ym Sagoz the Greedy
  1004 | D:2      | Found a glowing golden altar of the Shining One.
  1243 | D:2      | Killed Natasha
  1243 | D:2      | Reached skill level 1 in Conjurations
  1243 | D:2      | Reached skill level 1 in Hexes
  1243 | D:2      | Reached skill level 1 in Charms
  1243 | D:2      | Reached skill level 1 in Summonings
  1243 | D:2      | Reached skill level 1 in Necromancy
  1243 | D:2      | Reached skill level 1 in Translocations
  1243 | D:2      | Reached skill level 1 in Transmutations
  1243 | D:2      | Reached skill level 1 in Fire Magic
  1243 | D:2      | Reached skill level 1 in Ice Magic
  1243 | D:2      | Reached skill level 1 in Air Magic
  1243 | D:2      | Reached skill level 1 in Earth Magic
  1243 | D:2      | Reached skill level 1 in Poison Magic
  1287 | D:3      | Found a faded altar of an unknown god.
  1305 | D:3      | Reached XP level 5. HP: 42/47 MP: 6/6
  1988 | D:3      | Found a hide-covered altar of Uskayaw.
  1994 | D:3      | Found a sacrificial altar of Ru.
  2692 | D:4      | Found a shadowy altar of Dithmenos.
  2850 | D:4      | Reached XP level 6. HP: 50/53 MP: 8/8
  3002 | D:4      | Found a shattered altar of Ashenzari.
  3082 | D:4      | Reached skill level 5 in Axes
  3367 | D:4      | Reached XP level 7. HP: 59/59 MP: 10/10
  3650 | D:5      | Entered Level 5 of the Dungeon
  3674 | D:4      | HP: 3/60 [something (2)]
  4008 | D:5      | Found a runed translucent door.
  4008 | D:5      | Found a runed translucent gate.
  4008 | D:5      | Found a runed translucent gate.
  4008 | D:5      | Noticed a soldier ant
  4017 | D:5      | Found a runed translucent door.
  4019 | D:5      | Found the +9 staff of Olgreb {rPois∞}
  4033 | D:5      | HP: 3/60 [poisoned by a scorpion]
  4036 | D:5      | HP: 1/60 [poisoned by a scorpion]
  4036 | D:5      | Mangled by a scorpion

Illustrated notes

Levels and vault maps discovered:
D:1:      grunt_arrival_crossed_arrows, layout_basic, minmay_pentomino_t2
D:2:      layout_loops_ring, gammafunk_temple_overflow_forgotten,
          nicolae_tso_carved_into_rock, uniq_natasha
D:3:      layout_basic, grunt_temple_overflow_open,
          chequers_ecumenical_altar_simple, minivault_5
D:4:      layout_loops_corners, overflow_temple_1_default,
          chequers_serial_rivers_room_a, nicolae_dithmenos_the_darkroom
D:5:      layout_rooms, lemuel_temple_firewalk_b, first_ration,
          minmay_guarded_unrand_staff_of_olgreb

Skill      XL: |  1  2  3  4  5  6  7 |
---------------+----------------------+-----
Invocations    | 1 2 |  2.8
Short Blades   | 1 2 |  2.5
Long Blades    | 1 2 |  2.5
Maces & Flails | 1 2 |  2.5
Polearms       | 1 2 |  2.5
Staves         | 1 2 |  2.5
Slings         | 1 2 |  2.5
Bows           | 1 2 |  2.5
Crossbows      | 1 2 |  2.5
Throwing       | 1 2 |  2.5
Dodging        | 1 2 |  2.5
Stealth        | 1 2 |  2.5
Unarmed Combat | 1 2 |  2.5
Spellcasting   | 1 2 |  2.5
Evocations     | 1 2 |  2.5
Conjurations   | 1 2 |  2.0
Hexes          | 1 2 |  2.0
Charms         | 1 2 |  2.0
Summonings     | 1 2 |  2.0
Necromancy     | 1 2 |  2.0
Translocations | 1 2 |  2.0
Transmutations | 1 2 |  2.0
Fire Magic     | 1 2 |  2.0
Ice Magic      | 1 2 |  2.0
Air Magic      | 1 2 |  2.0
Earth Magic    | 1 2 |  2.0
Poison Magic   | 1 2 |  2.0
Axes           | 5 |  5.2
Fighting       | 7 |  7.0
Armour         | 7 |  7.0
Shields        | 7 |  7.0

Action                   |  1- 3 |  4- 6 |  7- 9 || total
-------------------------+-------+-------+-------++-------
Melee: War axe           |    56 |   148 |    35 ||   239
       Bite              |     6 |    22 |     3 ||    31
  Use: Potion            |       |       |     1 ||     1
  Eat: Chunk             |       |     1 |       ||     1
       Ration            |       |     2 |       ||     2
Armor: Scale mail        |    27 |    55 |    22 ||   104
Dodge: Dodged            |     8 |    39 |     9 ||    56
Block: Kite shield       |    28 |    84 |    39 ||   151

Table legend:
 A = Non-vault XP
 B = Vault XP
 C = Vault XP percentage of total XP
 D = Non-vault monster count
 E = Vault monster count
 F = Vault count percentage of total count
                 A         B        C        D         E       F
            +---------+---------+-------+---------+---------+-------
      Total |     915 |      37 |   3.9 |      84 |       2 |   2.3
            +---------+---------+-------+---------+---------+-------
        D:1 |      35 |       1 |   2.8 |      18 |       1 |   5.3
        D:2 |      87 |      36 |  29.3 |      16 |       1 |   5.9
        D:3 |     119 |       0 |   0.0 |      25 |       0 |   0.0
        D:4 |     508 |       0 |   0.0 |      20 |       0 |   0.0
        D:5 |     166 |       0 |   0.0 |       5 |       0 |   0.0
            +---------+---------+-------+---------+---------+-------
